 Dungeon Crawl Stone Soup version 0.28.0-45-g0d030f2227 (webtiles) character file.

Game seed: 17305584232445667432

89362 croobank the Severer (level 15, -7/128 HPs)
             Began as a Hill Orc Fighter on Apr 11, 2022.
             Was the Champion of Beogh.
             Killed from afar by a merfolk aquamancer (43 damage)
             ... with a shard of ice
             ... on level 2 of the Shoals on Apr 12, 2022.
             The game lasted 02:13:33 (29118 turns).

croobank the Severer (Hill Orc Fighter)            Turns: 29118, Time: 02:13:34

Health: -7/128     AC: 31    Str: 33    XL:     15   Next: 97%
Magic:  0/15       EV:  9    Int: 18    God:    Beogh [******]
Gold:   1142       SH:  0    Dex: 10    Spells: 14/14 levels left

rFire   . . .      SeeInvis .   E - +7 battleaxe of Weahayf {flame, Will- Int+10}
rCold   . . .      Faith    .   (shield currently unavailable)
rNeg    . . .      Spirit   +   B - +9 plate armour
rPois   .          Reflect  .   s - +0 helmet
rElec   .          Harm     .   (no cloak)
rCorr   .          Rampage  .   Q - +2 pair of gloves {hurl}
Will    +....                   e - +2 pair of boots
Stlth   ..........              w - amulet of guardian spirit
HPRegen 0.31/turn               f - ring of willpower
MPRegen 0.14/turn               y - +6 ring of strength

@: hasted, unable to read, very quick
A: walk on water, inability to read while threatened
a: Renounce Religion, Smiting, Recall Orcish Followers, Give Item to Named
Follower, Resurrection


You were on level 2 of the Shoals.
You worshipped Beogh.
Beogh was exalted by your worship.
You visited 5 branches of the dungeon, and saw 27 of its levels.
You also visited: Gauntlet.

You collected 2509 gold pieces.
You spent 1367 gold pieces at shops.

Inventory:

Hand Weapons
 c - a +2 dagger of speed
 o - the +7 flail "Xaxijom" {spect, Contam rN+ Int+3 Dex+6}
   (You found it on level 4 of the Dungeon)

   When its wielder attacks, the weapon's spirit leaps out and strikes again.
   The spirit shares a part of any damage it takes with its wielder.
   Int:       It affects your intelligence (+3).
   Dex:       It affects your dexterity (+6).
   rN:        It protects you from negative energy.
   Contam:    It causes magical contamination when unequipped.
 r - a +1 trident of flaming
 A - the +11 plutonium sword {Contam Stlth-}
   (You found it in a Gauntlet)

   It occasionally inflicts wild transmutation effects on those it strikes,
   inflicting malmutation or extra damage, or polymorphing them into a new form.
   Contam:    It causes magical contamination when unequipped.
   Stlth:     It makes you less stealthy.
 E - the +7 battleaxe of Weahayf (weapon) {flame, Will- Int+10}
   (You found it on level 8 of the Dungeon)

   It burns those it strikes, dealing additional fire damage.
   Big, fiery blades are also staple armaments of hydra-hunters.
   Int:       It affects your intelligence (+10).
   Will:      It decreases your willpower.
 Z - the +4 mace of the Vaults {flame, rF+}
   (You took it off an orc on level 10 of the Dungeon)

   It burns those it strikes, dealing additional fire damage.
   rF:        It protects you from fire.
Missiles
 H - 7 curare-tipped darts (quivered)
 P - 5 silver javelins
Armour
 e - a +2 pair of boots (worn)
 s - a +0 helmet (worn)
 B - a +9 plate armour (worn)
 Q - a +2 pair of gloves of hurling (worn)
Jewellery
 b - an amulet of reflection
 f - a ring of willpower (left hand)
 g - a ring of resist corrosion
 h - a ring of protection from cold
 k - a ring of protection from fire
 m - a ring of see invisible
 w - an amulet of guardian spirit (around neck)
 x - an amulet of magic regeneration
 y - a +6 ring of strength (right hand)
 U - an amulet of the acrobat
 X - a ring of willpower
Wands
 l - a wand of charming (5)
 t - a wand of iceblast (22)
 z - a wand of polymorph (22)
 C - a wand of flame (35)
 I - a wand of paralysis (8)
 Y - a wand of acid (11)
Scrolls
 d - 10 scrolls of identify
 i - a scroll of acquirement {unknown}
 j - 9 scrolls of teleportation
 v - 4 scrolls of fog
 D - a scroll of brand weapon
 L - a scroll of fear
 N - 3 scrolls of enchant weapon
 O - 3 scrolls of magic mapping
 S - a scroll of torment
 W - 4 scrolls of blinking
Potions
 n - a potion of berserk rage
 p - 4 potions of might
 q - 3 potions of invisibility
 u - 4 potions of curing
 F - a potion of mutation
 G - 3 potions of brilliance
 J - 2 potions of heal wounds
 K - a potion of lignification
 M - 4 potions of haste
 T - 3 potions of resistance
 V - a potion of cancellation
Miscellaneous
 a - a tin of tremorstones (2/2)
 R - a phantom mirror (inert)


   Skills:
 - Level 10.9 Fighting
 + Level 18.6 Long Blades
 - Level 19.0(20.0) Axes
 - Level 9.0(13.6) Maces & Flails
 - Level 10.0 Armour
 - Level 4.0 Dodging
 - Level 8.2 Shields
 - Level 0.4 Invocations


You had 14 spell levels left.
You didn't know any spells.
Your spell library contained the following spells:

 Spells                   Type           Power      Damage    Failure   Level
 Animate Skeleton         Necr           0%         N/A       80%         1
 Foxfire                  Conj/Fire      0%         2x1d4     80%         1
 Magic Dart               Conj           0%         1d3       80%         1
 Pain                     Necr           0%         1d4       80%         1
 Shock                    Conj/Air       0%         1d3       80%         1
 Slow                     Hex            0%         N/A       80%         1
 Searing Ray              Conj           0%         2d4       90%         2
 Sublimation of Blood     Necr           0%         N/A       90%         2
 Wereblood                Tmut           0%         N/A       90%         2
 Call Canine Familiar     Summ           0%         N/A       99%         3
 Confusing Touch          Hex            0%         N/A       99%         3
 Conjure Flame            Conj/Fire      0%         6-21      99%         3
 Dazzling Flash           Conj/Hex       0%         N/A       99%         3
 Frozen Ramparts          Ice            0%         1d2       99%         3
 Gell's Gravitas          Tloc           0%         N/A       99%         3
 Inner Flame              Hex/Fire       0%         N/A       99%         3
 Lesser Beckoning         Tloc           0%         N/A       99%         3
 Ozocubu's Armour         Ice            0%         N/A       99%         3
 Portal Projectile        Hex/Tloc       0%         N/A       99%         3
 Swiftness                Air            0%         N/A       99%         3
 Teleport Other           Tloc           0%         N/A       99%         3
 Vampiric Draining        Necr           0%         2d6       99%         3
 Airstrike                Air            0%         N/A       100%        4
 Flame Wave               Conj/Fire      0%         2d4       100%        4
 Fulminant Prism          Conj/Hex       0%         3d6       100%        4
 Ice Form                 Ice/Tmut       0%         N/A       100%        4
 Iskenderun's Mystic Bla  Conj/Tloc      0%         2d3       100%        4
 Leda's Liquefaction      Hex/Erth       0%         N/A       100%        4
 Summon Ice Beast         Ice/Summ       0%         N/A       100%        4
 Alistair's Intoxication  Tmut/Pois      0%         N/A       100%        5
 Borgnjor's Vile Clutch   Necr/Erth      0%         N/A       100%        5
 Metabolic Englaciation   Hex/Ice        0%         N/A       100%        5
 Yara's Violent Unravell  Hex/Tmut       0%         3d3       100%        5
 Dispersal                Tloc           0%         N/A       100%        6
 Eringya's Noxious Bog    Tmut/Pois      0%         N/A       100%        6
 Simulacrum               Ice/Necr       0%         N/A       100%        6
 Starburst                Conj/Fire      0%         6d3       100%        6
 Enfeeble                 Hex            0%         N/A       100%        7
 Ozocubu's Refrigeration  Ice            0%         4d5       100%        7
 Summon Hydra             Summ           0%         N/A       100%        7


Dungeon Overview and Level Annotations

Branches:
Dungeon (15/15)            Temple (0/1) D:5            Lair (6/6) D:8
 Shoals (3/4) Lair:4        Snake (0/4) Lair:3        Slime (0/5) Lair:5
    Orc (2/2) D:11            Elf (1/3) Orc:2        Vaults (0/5) D:14
 Depths (0/4) D:15        Gauntlet (visited)

Altars:
Dithmenos
Elyvilon
Fedhas
Nemelex Xobeh
Qazlal
Ru
Vehumet
Zin
The Shining One
Lugonu

Shops:
D:2 (   D:13 [   Orc:2 [!=*   Shoals:1 =

Portals:
Abyss: Lair:6
Trove: D:11 (give horn of Geryon)

Annotations:
D:5 Menkaure
Lair:4 2 transporters
Lair:6 exclusion: oklob plant
Shoals:2 1 runed translucent door, pkoi's ghost, journeyman DgCj
Shoals:3 Polyphemus
Orc:1 3 runed translucent doors, Antichthon's ghost, journeyman NaWr; Dinant's ghost, journeyman DsMo


Innate Abilities, Weirdness & Mutations

You can walk on water.
You sometimes lose the ability to read scrolls when taking damage.


Message History

Your orc warrior splashes around in the water.
Your orc knight barely misses the water elemental.
The water elemental completely misses your orc wizard.
A water elemental comes into view.
Your orc wizard hits the water elemental but does no damage.
Aiming: Throw Flame
Press: ? - help, Shift-Dir - straight line, f - sea snake
Aim: a sea snake (48% to hit)
The puff of flame hits the sea snake.
The sea snake is lightly wounded.
The sea snake is engulfed in a cloud of scalding steam.
Arbeogh splashes around in the water.
Your orc warrior is engulfed in a cloud of scalding steam.
Your orc warrior closely misses the water elemental.
Your orc knight barely misses the water elemental.
Throw: 9 darts (curare)
Press: ? - help, Q - select action, (/) - cycle Shift-Dir - straight line, f/p - sea snake
Aim: a sea snake (lightly wounded, 51% to hit)
You throw a curare-tipped dart.
The curare-tipped dart barely misses the sea snake.
The water elemental hits something!
You hear a splash. x2
The merfolk is engulfed in a cloud of scalding steam.
Arbeogh hits the water elemental with a +2 battleaxe of draining!!
The water elemental is destroyed!
Beogh accepts your kill.
Throw: 8 darts (curare)
Press: ? - help, Q - select action, (/) - cycle Shift-Dir - straight line, f/p - sea snake
Aim: a sea snake (lightly wounded, 51% to hit)
You throw a curare-tipped dart.
The curare-tipped dart hits the sea snake.
The sea snake is poisoned.
The sea snake convulses.
The sea snake seems to slow down.
The sea snake is moderately wounded.
The merfolk is engulfed in a cloud of scalding steam.
The merfolk hits you but does no damage.
Your orc knight closely misses the merfolk aquamancer.
The merfolk aquamancer casts a spell at you.
The shard of ice hits you!!!
You die...

.##............##...##.)......
...≈≈≈≈≈≈≈..##..?..##≈.....≈
..≈≈≈≈≈≈≈...+...♣?.⌠#.....≈≈
..≈≈≈≈≈≈≈...##..!..##..≈≈≈≈≈
.≈≈≈≈≈≈≈≈....##W..##...≈≈≈≈≈
≈≈≈≈≈≈≈≈≈.....##⌠##....≈≈≈≈≈
≈≈≈≈≈≈≈≈≈≈.....###.....≈≈≈≈≈
≈≈≈≈≈≈≈≈≈≈..........
≈≈≈≈≈≈≈H§Hm.@......≈
≈≈≈≈≈≈≈≈m≈≈........≈
≈≈≈≈≈≈≈≈o≈o.S......≈
≈≈≈≈≈≈≈≈o)≈.(......≈
≈≈≈≈≈≈≈.(§≈≈§.....≈≈
≈.......≈≈E≈>.....≈≈
≈.####..≈≈≈≈≈....≈≈≈ ≈
#..≈≈≈≈≈....≈≈≈
#.^.≈≈≈≈≈≈≈≈≈≈≈


You could see a sea snake (very poisoned, slow, ally target), a merfolk
aquamancer (ally target), a merfolk, a manticore, a water elemental, pkoi's
ghost, a friendly orc knight (strong), the friendly Arbeogh the orc knight
(strong) and a friendly orc warrior (strong).

Vanquished Creatures
  Ilsuiw (Shoals:2)
  A minotaur (Gauntlet)
  A merfolk impaler (Shoals:2)
  An ettin (Orc:2)
  A fire dragon (Shoals:1)
  A merfolk javelineer (Shoals:1)
  2 vault guards (D:14)
  A great orb of eyes (D:15)
  An ice dragon (Shoals:1)
  A boulder beetle (Lair:6)
  2 centaur warriors (D:15)
  8 hydras
  A merfolk avatar (Shoals:1)
  A merfolk aquamancer (Shoals:1)
  6 two-headed ogres
  A tengu warrior (D:15)
  A death yak (Lair:6)
  3 thrashing horrors (Lair:6)
  Sonja (Lair:4)
  A sixfirhy (Gauntlet)
  A sea snake (Shoals:3)
  An obsidian statue (Gauntlet)
  3 orc knights
  A phantasmal warrior (D:12)
  A necromancer (D:14)
  Pikel (D:5)
  A deep elf zephyrmancer (Elf:1)
  A wizard (D:10)
  A deep elf pyromancer (D:14)
  2 wolf spiders (Lair:4)
  6 cyclopes
  7 ugly things
  8 manticores
  2 black mambas
  5 elephants (Lair:5)
  4 merfolk sirens (Shoals:2)
  A gargoyle (D:13)
  A water nymph (Shoals:3)
  7 cane toads
  2 torpor snails
  A smoke demon (Lair:6)
  2 rime drakes
  7 komodo dragons
  A tengu conjurer (D:15)
  2 ancient zymes (Lair:6)
  2 yaktaurs
  4 merfolk
  3 polar bears
  4 trolls
  3 wind drakes
  Prince Ribbit (D:6)
  A tyrant leech (shapeshifter) (D:15)
  21 blink frogs
  A hornet (shapeshifter) (Lair:6)
  3 snapping turtles
  4 dream sheep (Lair:2)
  A centaur simulacrum (D:14)
  3 flying skulls (Gauntlet)
  A ynoxinul (Lair:6)
  7 water elementals
  2 spriggans (Lair:6)
  3 shadows
  4 wraiths
  48 yaks
  6 humans (D:14)
  2 wyverns
  8 vampire mosquitoes
  7 basilisks
  2 steam dragons
  3 chaos spawn (Lair:6)
  5 wargs
  A naga (Lair:3)
  An acid dragon (shapeshifter) (D:15)
  3 large abominations (Lair:6)
  15 water moccasins
  2 acid dragons (D:12)
  3 black bears
  9 orc warriors
  An ice beast (D:5)
  3 sky beasts
  8 ogres
  A necrophage (D:4)
  10 wolves
  5 kobold brigands
  4 lemures (D:5)
  A gnoll sergeant (D:12)
  16 bullfrogs
  A water moccasin zombie (D:5)
  6 small abominations (Lair:6)
  3 electric eels
  8 howler monkeys
  A centaur zombie (D:9)
  2 hounds (D:6)
  A jelly (D:4)
  An iguana (D:6)
  A centaur skeleton (D:7)
  5 orc priests
  2 bullfrog skeletons
  Jessica (D:2)
  2 orc wizards
  A killer bee zombie (D:6)
  A hound skeleton (D:5)
  3 gnolls (D:12)
  A howler monkey skeleton (D:4)
  4 adders
  A shadow imp (D:7)
  A white imp (D:8)
  5 ufetubi
  An adder skeleton (D:4)
  4 dart slugs
  39 orcs
  6 ball pythons
  11 endoplasms
  2 giant cockroaches (D:2)
  6 hobgoblins
  12 jackals
  4 quokkas
  4 bats
  14 frilled lizards
  5 goblins
  29 kobolds
  5 rats
  A spectral hobgoblin (D:1)
  A bush (Lair:3)
532 creatures vanquished.

Vanquished Creatures (collateral kills)
  A merfolk impaler (Shoals:2)
  2 boulder beetles
  A merfolk avatar (Shoals:1)
  A vault guard (D:14)
  A merfolk aquamancer (Shoals:1)
  A death knight (D:12)
  A death yak (Shoals:2)
  A two-headed ogre (D:11)
  An orc high priest (Orc:2)
  A slime creature (D:15)
  A sea snake (Shoals:2)
  An orb spider (shapeshifter) (D:13)
  A steelbarb worm (D:13)
  An orc knight (Orc:2)
  2 orc sorcerers (Orc:2)
  A deep elf pyromancer (Elf:1)
  A necromancer (D:14)
  3 deep elf zephyrmancers (Elf:1)
  2 manticores (Shoals:1)
  A faun (Shoals:1)
  A merfolk siren (Shoals:1)
  A centaur zombie (D:11)
  A gargoyle (D:12)
  A smoke demon (Lair:6)
  A molten gargoyle (D:14)
  An efreet (D:15)
  A cane toad (shapeshifter) (Lair:6)
  A yaktaur (D:14)
  A troll (Orc:1)
  5 merfolk
  A wind drake (Shoals:2)
  3 blink frogs (Lair:6)
  3 snapping turtles
  A vampire (D:12)
  5 yaks
  4 water elementals
  4 vampire mosquitoes
  12 humans (D:14)
  A warg (D:11)
  4 orc warriors
  2 ogres (Orc:2)
  A centaur (D:13)
  A killer bee (D:12)
  An electric eel (D:13)
  A howler monkey (D:10)
  4 orc priests
  6 orc wizards
  13 orcs
  2 kobolds
108 creatures vanquished.

Vanquished Creatures (others)
  2 orc high priests (Orc:2)
  3 orc knights
  2 orc sorcerers (Orc:2)
  13 orc warriors
  5 orc priests
  10 orc wizards
  31 orcs
  A bush (Shoals:1)
  13 demonic plants (Gauntlet)
  22 fungi
  39 plants
141 creatures vanquished.

Grand Total: 781 creatures vanquished

Notes
Turn   | Place    | Note
-------+----------+-------------------------------------------
     0 | D:1      | croobank the Hill Orc Fighter began the quest for the Orb.
     0 | D:1      | Reached XP level 1. HP: 19/19 MP: 1/1
    35 | D:1      | Reached XP level 2. HP: 14/27 MP: 2/2
    40 | D:1      | Reached skill level 3 in Axes
   548 | D:1      | Found a faded altar of an unknown god.
   963 | D:1      | Reached XP level 3. HP: 33/33 MP: 3/3
  1054 | D:2      | Found Egge's Weapon Boutique.
  1591 | D:2      | Noticed Jessica
  1597 | D:2      | Killed Jessica
  1598 | D:2      | Reached XP level 4. HP: 40/40 MP: 4/4
  2343 | D:3      | You fall into a shaft and drop 2 floors!
  2343 | D:5      | Entered Level 5 of the Dungeon
  2459 | D:5      | Reached skill level 4 in Axes
  2459 | D:5      | Reached XP level 5. HP: 40/47 MP: 5/5
  2472 | D:5      | Noticed a black bear
  2500 | D:5      | Killed a black bear
  2501 | D:5      | Reached skill level 5 in Fighting
  2501 | D:5      | Reached XP level 6. HP: 10/56 MP: 6/6
  3142 | D:5      | Reached skill level 5 in Axes
  3142 | D:5      | Reached skill level 5 in Armour
  3303 | D:5      | Reached skill level 5 in Shields
  3303 | D:5      | Reached XP level 7. HP: 46/61 MP: 7/7
  3426 | D:5      | Noticed Pikel
  3452 | D:6      | Noticed Prince Ribbit
  3518 | D:5      | Noticed Menkaure
  3874 | D:4      | Identified the +7 flail "Xaxijom" {spect, Contam rN+ Int+3
                  | Dex+6}
  4178 | D:4      | Reached skill level 1 in Maces & Flails
  5103 | D:3      | Found a shadowy altar of Dithmenos.
  5147 | D:5      | Killed Pikel
  5148 | D:5      | Reached XP level 8. HP: 60/71 MP: 8/8
  5657 | D:6      | Reached skill level 5 in Maces & Flails
  5671 | D:6      | Killed Prince Ribbit
  5672 | D:6      | Reached XP level 9. HP: 28/79 MP: 9/9
  6958 | D:7      | Noticed a two-headed ogre
  6967 | D:7      | Killed a two-headed ogre
  6968 | D:7      | Reached XP level 10. HP: 82/90 MP: 10/10
  7265 | D:7      | Became a worshipper of Beogh the Brigand
  7382 | D:7      | Noticed an eight-headed hydra
  7394 | D:7      | Killed an eight-headed hydra
  8298 | D:8      | Found a blossoming altar of Fedhas.
  8583 | D:8      | Found a staircase to the Lair.
  8589 | D:8      | Identified the +7 battleaxe of Weahayf {flame, Will-
                  | Int+10}
  8689 | D:8      | Reached * piety under Beogh
  8742 | D:8      | Gained mutation: You sometimes lose the ability to read
                  | scrolls when taking damage. [mutagenic glow]
  8822 | D:8      | Reached skill level 6 in Axes
  8989 | D:8      | Found a glowing golden altar of the Shining One.
  8989 | D:8      | Found a sacrificial altar of Ru.
  9163 | Lair:1   | Entered Level 1 of the Lair of Beasts
  9163 | Lair:1   | Noticed a cane toad
  9167 | Lair:1   | Killed a cane toad
  9168 | Lair:1   | Reached skill level 7 in Axes
  9210 | Lair:1   | Reached skill level 8 in Axes
  9225 | Lair:1   | Reached skill level 9 in Axes
  9235 | Lair:1   | Reached skill level 10 in Axes
  9235 | Lair:1   | Reached XP level 11. HP: 92/97 MP: 11/11
  9291 | Lair:1   | Reached skill level 11 in Axes
  9577 | Lair:1   | Reached skill level 12 in Axes
  9578 | Lair:1   | Reached ** piety under Beogh
 10163 | Lair:2   | Reached skill level 13 in Axes
 10647 | Lair:2   | Reached skill level 14 in Axes
 10988 | Lair:2   | Noticed a four-headed hydra
 10997 | Lair:2   | Killed a one-headed hydra
 10998 | Lair:2   | Reached skill level 15 in Axes
 11565 | Lair:2   | Reached XP level 12. HP: 56/104 MP: 7/12
 11907 | Lair:3   | Noticed a six-headed hydra
 11915 | Lair:3   | Killed a three-headed hydra
 11916 | Lair:3   | Reached skill level 16 in Axes
 12022 | Lair:3   | Found a staircase to the Snake Pit.
 12313 | Lair:3   | Reached skill level 17 in Axes
 12423 | Lair:3   | Noticed an eight-headed hydra
 12430 | Lair:3   | Killed a five-headed hydra
 13020 | Lair:4   | Reached skill level 18 in Axes
 13138 | Lair:4   | Found a staircase to the Shoals.
 13185 | Lair:4   | Reached *** piety under Beogh
 13250 | Lair:4   | Reached skill level 19 in Axes
 13281 | Lair:4   | Found a transporter.
 13290 | Lair:4   | Found a transporter.
 13290 | Lair:4   | Noticed a boulder beetle
 13453 | Lair:4   | Reached skill level 1 in Dodging
 13643 | Lair:4   | Noticed Sonja
 13648 | Lair:4   | Killed Sonja
 13931 | Lair:5   | Found a gate leading to a gauntlet.
 13958 | Gauntlet | Entered a Gauntlet
 13958 | Gauntlet | Found a transporter.
 13985 | Gauntlet | Reached XP level 13. HP: 113/113 MP: 13/13
 13988 | Gauntlet | Found a transporter.
 13989 | Gauntlet | Found a transporter.
 13989 | Gauntlet | Found a transporter.
 14003 | Gauntlet | Found a transporter.
 14011 | Gauntlet | Found a transporter.
 14016 | Gauntlet | Reached skill level 10 in Fighting
 14021 | Gauntlet | Found a transporter.
 14054 | Gauntlet | Found a transporter.
 14088 | Gauntlet | Found a transporter.
 14115 | Gauntlet | Found a transporter.
 14123 | Gauntlet | Found the +11 plutonium sword {Contam Stlth-}
 14123 | Gauntlet | Noticed a minotaur
 14129 | Gauntlet | Killed a minotaur
 14827 | Lair:5   | Found a staircase to the Slime Pits.
 14993 | Lair:5   | Reached skill level 10 in Armour
 15403 | Lair:6   | Entered Level 6 of the Lair of Beasts
 15431 | Lair:6   | Reached skill level 1 in Long Blades
 15441 | Lair:6   | Reached **** piety under Beogh
 15940 | Lair:6   | Reached skill level 5 in Long Blades
 16948 | Lair:6   | Reached XP level 14. HP: 78/122 MP: 5/14
 16964 | Lair:6   | Found a corrupted altar of Lugonu.
 16964 | Lair:6   | Found a one-way gate to the infinite horrors of the Abyss.
 17516 | Lair:6   | Reached skill level 10 in Long Blades
 18553 | D:10     | Entered Level 10 of the Dungeon
 18906 | D:10     | Identified the +4 mace of the Vaults {flame, rF+}
 19383 | D:11     | Found a sparkling altar of Nemelex Xobeh.
 19438 | D:11     | Found a staircase to the Orcish Mines.
 19554 | D:11     | Found a portal to a secret trove of treasure.
 19852 | D:11     | Reached ***** piety under Beogh
 20368 | D:12     | Gained Gorm as an ally
 20564 | Orc:1    | Entered Level 1 of the Orcish Mines
 20569 | Orc:1    | Found a radiant altar of Vehumet.
 20777 | Orc:1    | Gained Orgrim as an ally
 20866 | Orc:1    | Found a runed translucent gate.
 20867 | Orc:1    | Found a runed translucent gate.
 20868 | Orc:1    | Found a runed translucent gate.
 20869 | Orc:1    | Noticed Antichthon's ghost (journeyman NaWr)
 20869 | Orc:1    | Noticed Dinant's ghost (journeyman DsMo)
 21141 | Orc:2    | Entered Level 2 of the Orcish Mines
 21141 | Orc:2    | Found a staircase to the Elven Halls.
 21679 | Orc:2    | Gained Brunolf as an ally
 21696 | Orc:2    | Your ally Brunolf died
 21697 | Orc:2    | Gained Arbeogh as an ally
 21701 | Orc:2    | Your ally Orgrim died
 21907 | Orc:2    | Found Higejoq's Assorted Antiques.
 21907 | Orc:2    | Found Ulajiso's Jewellery Shoppe.
 21928 | Orc:2    | Found Fylax's Distillery.
 21928 | Orc:2    | Found Ekhlaqoth's Antique Armour Shoppe.
 21934 | Orc:2    | Bought a scroll of identify for 52 gold pieces
 21937 | Orc:2    | Bought a potion of heal wounds for 75 gold pieces
 21937 | Orc:2    | Bought a potion of cancellation for 120 gold pieces
 21937 | Orc:2    | Bought a potion of might for 60 gold pieces
 21949 | Orc:2    | Bought a ring of protection from cold for 350 gold pieces
 21949 | Orc:2    | Bought a ring of protection from fire for 350 gold pieces
 22042 | Elf:1    | Entered Level 1 of the Elven Halls
 23895 | D:13     | Reached XP level 15. HP: 123/128 MP: 15/15
 23998 | D:13     | Reached skill level 15 in Long Blades
 24749 | D:13     | Found Giso's Armour Shop.
 25141 | D:14     | Reached ****** piety under Beogh
 25177 | D:14     | Found a gate to the Vaults.
 25496 | D:14     | Found a stormy altar of Qazlal.
 25743 | D:15     | Entered Level 15 of the Dungeon
 26233 | D:15     | Found a glowing silver altar of Zin.
 26234 | D:15     | Found a glowing golden altar of the Shining One.
 26235 | D:15     | Found a white marble altar of Elyvilon.
 26355 | D:15     | Found a staircase to the Depths.
 26877 | Shoals:1 | Entered Level 1 of the Shoals
 27038 | Shoals:1 | Found Qiekoh's Jewellery Boutique.
 27056 | Shoals:1 | Bought a ring of resist corrosion for 360 gold pieces
 28592 | Shoals:2 | Found a runed translucent door.
 28597 | Shoals:2 | Noticed pkoi's ghost (journeyman DgCj)
 28653 | Shoals:2 | Noticed Ilsuiw
 28688 | Shoals:2 | Killed Ilsuiw
 28952 | Shoals:2 | You fall into a shaft and drop 1 floor!
 29077 | Shoals:3 | Noticed Polyphemus
 29113 | Shoals:2 | Your ally Gorm died
 29118 | Shoals:2 | Killed from afar by a merfolk aquamancer

Illustrated notes

Levels and vault maps discovered:
D:1:      saegor_arrival_simple_d, layout_basic, serial_forest,
          infiniplex_forest_straight_4, infiniplex_forest_lined_room_2,
          infiniplex_forest_straight_4, infiniplex_forest_clump_long,
          infiniplex_forest_corner_1, infiniplex_forest_clump_small,
          infiniplex_forest_lined_1, infiniplex_forest_straight_4,
          infiniplex_forest_clump_small,
          dreamdust_ecumenical_altar_drowned_temple
D:2:      layout_loops_ring, serial_shops,
          nicolae_shop_competitors_out_of_business, hex_medium,
          grunt_ministairs_8, minmay_misc_feat_x, minmay_lizard_pond,
          uniq_jessica
D:3:      layout_basic, nicolae_overflow_hidden_temple,
          kennysheep_generic_room_7
D:4:      layout_loops_ring
D:5:      layout_basic, minmay_temple_entry_from_below_b,
          minmay_misc_feat_rugged, uniq_menkaure, uniq_pikel
D:6:      layout_rooms, uniq_prince_ribbit1
D:7:      layout_basic, serial_co_window_serial, co_window_paths_b,
          co_window_of_opportunity_a, co_window_paths_b,
          co_window_of_opportunity_a, co_window_paths_b, co_window_corner_a,
          co_window_cross_3, co_window_unsneaky_path_c, co_window_corner_cb,
          co_window_broadway_c, co_window_paths_c, co_window_4corner_a,
          glass_columns_a, glass_columns_b, glass_columns_a, glass_columns_a
D:8:      layout_basic, mainiacjoe_overflow_tiny_flanked,
          gammafunk_temple_overflow_statue, lair_entry_dummy
D:9:      layout_rooms
D:10:     layout_basic, hangedman_decor_peaks_small
D:11:     layout_gridville, minmay_orc_entry_guard_dogs,
          nicolae_trove_entry_isolated, nemelex_diamond_rough_becter
D:12:     layout_irregular_city
D:13:     layout_basic, serial_shops, shop_statue
D:14:     layout_basic, grunt_vaults_entry_tiered,
          nicolae_qazlal_eye_of_the_storm
D:15:     gammafunk_enter_depths_forms, layout_cave_pools, good_gods_temple_1,
          chequers_serial_rivers_small_b
Lair:1:   layout_regular_city, grunt_megastairs_3, lemuel_fruit_fields
Lair:2:   hellmonk_warped_wall, layout_cave_pods
Lair:3:   layout_regular_city, guppyfry_snake_entry_island
Lair:4:   gammafunk_boulding_lane, layout_long_grid, minmay_shoals_entry_beasts,
          columned_hall_lemuel, nicolae_lair_run_with_the_wolves, uniq_sonja
Lair:5:   layout_roguey, nicolae_slime_entry_slimehenge, gauntlet_entry_generic,
          chequers_serial_rivers_micro_c, grunt_megastairs_2,
          serial_bayou_shore_b, serial_bayou_shore_a
Lair:6:   hellmonk_lair_end_abyssal_woods, layout_layer_cave
Shoals:1: argonaut_golden_fleece, layout_shoals, serial_shops, shop
Shoals:2: layout_shoals, hellmonk_ghost_happy_afterlife,
          nicolae_shoals_beach_house_on_fowls_legs, uniq_ilsuiw
Shoals:3: layout_shoals, uniq_polyphemus
Orc:1:    layout_caves, basic_altar, gammafunk_ghost_cemetery
Orc:2:    grunt_orc_tribal_feast, layout_diamond_mine
Elf:1:    eino_elf_arrival_the_gate, layout_geoelf_grid, serial_shops,
          nicolae_shop_waterfront, minmay_elf_demonology,
          nicolae_elf_theology_debate

Skill      XL: |  1  2  3  4  5  6  7  8  9 10 11 12 13 14 15 |
---------------+----------------------------------------------+-----
Axes           | 3 4 5 10 15 19 | 19.0
Fighting       | 4 5 6 7 8 9 10 | 10.9
Armour         | 4 5 6 7 8 9 10 | 10.0
Shields        | 4 5 6 7 8 |  8.2
Maces & Flails | 4 5 8 9 |  9.0
Dodging        | 2 4 |  4.0
Long Blades    | 9 14 18 | 18.6
Invocations    | |  0.4

Action                   |  1- 3 |  4- 6 |  7- 9 | 10-12 | 13-15 || total
-------------------------+-------+-------+-------+-------+-------++-------
Melee: War axe           |    98 |   149 |    43 |       |       ||   290
       Flail             |       |       |   122 |    51 |       ||   173
       Battleaxe         |       |       |       |   285 |   657 ||   942
       Triple sword      |       |       |       |       |   118 ||   118
Throw: Dart              |       |       |     9 |     5 |     4 ||    18
       Stone             |       |       |     4 |       |       ||     4
       Boomerang         |       |       |     5 |     1 |       ||     6
Invok: Convert to Beogh  |       |       |       |     1 |       ||     1
       Smiting           |       |       |       |       |    15 ||    15
       Give Item to Name |       |       |       |       |     4 ||     4
       Recall Orcish Fol |       |       |       |       |     1 ||     1
Evoke: Wand              |       |       |       |     6 |     8 ||    14
       Phantom mirror    |       |       |       |       |     1 ||     1
  Use: Potion            |     1 |     3 |       |     1 |    13 ||    18
       Scroll            |       |     6 |     2 |    12 |    20 ||    40
 Stab: Distracted        |       |       |     1 |       |     5 ||     6
       Confused          |       |       |       |       |     1 ||     1
Armor: Scale mail        |    36 |    76 |    35 |       |       ||   147
       Chain mail        |       |       |    31 |     2 |       ||    33
       Plate armour      |       |       |       |   197 |   525 ||   722
Dodge: Dodged            |    47 |    73 |    51 |   128 |   312 ||   611
Block: Buckler           |    16 |    42 |    56 |    15 |       ||   129
